Map: New Repugnancy LE

Players

Bly

  • Race: Zerg Zerg
  • Spawn Location: 7:00

souL - Winner!

  • Race: Terran Terran
  • Spawn Location: 1:00

Event: 2019 WCS Summer

VOD

Have the link to the VOD?

Description

Time

  • Played on: July 12, 2019, 10:18 a.m.
  • Length: 14:02

All games in this series

Show
View Real Time Build Order
Export as new Build Order

Bly Zerg 

Build Orders: Hatch First, Muta Ling Bane 

Get SALT Encoding   

  12  0:01  Drone  
  13  0:13  Overlord  
  13  0:17  Drone  
  14  0:31  Drone x2  
  16  0:48  Hatchery  
  15  0:51  Drone  
  15  0:54  Drone  
  17  0:58  Drone  
  18  1:09  Extractor  
  17  1:13  Spawning Pool  
  17  1:17  Drone  
  17  1:22  Drone  
  18  1:28  Drone  
  19  1:41  Drone  
  20  1:49  Overlord  
  20  2:00  Queen  
  20  2:01  Zergling x2, Queen  
  24  2:02  Zergling x2  
  26  2:11  Drone x2  
  28  2:17  Metabolic Boost  
  27  2:32  Hatchery  
  27  2:36  Drone x2  
  28  2:41  Drone x2  
  30  2:47  Queen  
  30  2:51  Drone  
  33  2:55  Overlord  
  33  2:59  Drone  
  34  3:14  Drone x6  
  34  3:16  Drone  
  41  3:22  Overlord  
  41  3:26  Queen  
  43  3:30  Overlord  
  43  3:33  Overlord  
  43  3:36  Overlord  
  42  3:44  Queen  
  42  3:46  Zergling x6  
  42  3:47  Zergling x2  
  48  3:51  Drone x2  
  48  3:55  Drone  
  51  3:59  Drone x4  
  51  4:02  Drone  
  56  4:06  Drone  
  57  4:11  Drone  
  57  4:14  Queen  
  57  4:17  Queen  
  62  4:25  Zergling x12  
  68  4:33  Drone x6  
  68  4:37  Overlord  
  74  4:39  Overlord  
  74  4:41  Overlord  
  74  4:49  Overlord x2  
  74  4:52  Lair  
  74  4:54  Overlord  
  74  5:05  Drone x5  
  79  5:08  Evolution Chamber  
  79  5:09  Evolution Chamber  
  79  5:11  Extractor  
  79  5:12  Drone x2, Extractor  
  77  5:16  Baneling Nest  
  71  5:21  Drone x4  
  70  5:29  Zergling x10  
  70  5:34  Evolution Chamber  
  74  5:41  Drone  
  74  5:42  Drone x2  
  68  5:47  Drone x4  
  68  5:48  Drone x2  
  70  5:54  Drone x2  
  72  5:57  Zerg Ground Armor Level 1  
  72  6:00  Drone x2  
  74  6:06  Drone  
  75  6:13  Drone x3, Hatchery  
  75  6:15  Zerg Melee Weapons Level 1  
  75  6:18  Baneling x2  
  77  6:23  Drone x8  
  85  6:30  Centrifical Hooks  
  82  6:44  Extractor  
  82  6:45  Zergling x16, Extractor  
  82  6:46  Extractor  
  85  6:52  Zergling x10  
  90  6:57  Hatchery  
  89  7:02  Zergling x8  
  89  7:05  Hatchery  
  92  7:09  Zergling x4, Spire  
  92  7:14  Baneling x7  
  92  7:15  Zergling x6  
  96  7:18  Overlord  
  96  7:19  Overlord x2  
  96  7:22  Overlord  
  96  7:23  Overlord x2  
  96  7:24  Overlord  
  96  7:32  Overlord  
  96  7:34  Overlord  
  96  7:35  Overlord  
  93  7:46  Drone x7  
  100  7:52  Zerg Ground Armor Level 2  
  99  7:58  Zergling x14  
  106  8:07  Zergling x6  
  106  8:08  Baneling  
  106  8:09  Baneling x6  
  106  8:12  Zergling x10  
  113  8:22  Drone x3  
  116  8:32  Drone x6  
  122  8:40  Mutalisk x2  
  122  8:41  Mutalisk x3  
  124  8:42  Overlord  
  124  8:48  Drone x3  
  126  8:49  Drone x2  
  126  9:00  Mutalisk x2  
  122  9:11  Zergling x28  
  122  9:13  Baneling x8  
  135  9:26  Zerg Melee Weapons Level 2  
  134  9:36  Zergling x12  
  139  9:39  Hatchery  
  129  9:51  Zergling x16  
  120  9:58  Zergling x6  
  115  10:11  Zergling x14  
  120  10:14  Baneling x4  
  119  10:32  Baneling x11  
  117  10:41  Extractor  
  116  10:57  Mutalisk x7, Zerg Flyer Weapons Level 1  
  116  10:59  Zergling x14  
  137  11:06  Hatchery  
  121  11:15  Zergling x20  
  124  11:24  Zergling x10  
  129  11:32  Mutalisk x3  
  124  11:36  Spawning Pool  
  124  11:37  Baneling x3  
  126  11:44  Mutalisk x2  
  121  11:54  Extractor  
  121  11:55  Mutalisk  
  121  12:00  Drone x3  
  120  12:05  Baneling x8  
  120  12:13  Overseer x2  
  108  12:23  Overseer  
  108  12:24  Zergling x2  
  108  12:25  Zergling x32  
  118  12:33  Zergling x2  
  118  12:35  Baneling x7  
  115  12:37  Zergling x14  
  122  12:44  Mutalisk x2  
  126  12:57  Zergling x2  
  126  12:58  Zergling x8  
  116  12:59  Baneling x7  
  114  13:07  Zergling x6  
  114  13:10  Zergling x4  
  114  13:12  Overseer  
  107  13:18  Baneling x5  
  101  13:28  Zergling x18  
  101  13:29  Zergling x4  
  98  13:43  Zergling x6  
Show
View Real Time Build Order
Export as new Build Order

souL Terran - Winner!

Build Orders: Reaper Expand 

Get SALT Encoding   

  12  0:00  SCV  
  13  0:12  SCV  
  14  0:17  Supply Depot  
  14  0:25  SCV  
  15  0:38  SCV  
  15  0:40  Barracks  
  16  0:44  Refinery  
  16  0:50  SCV  
  17  1:03  SCV  
  18  1:17  SCV  
  19  1:27  Reaper  
  19  1:29  Orbital Command  
  20  1:42  Command Center  
  20  1:54  Supply Depot  
  20  1:56  SCV  
  21  2:04  Marine  
  21  2:07  Factory  
  22  2:12  SCV  
  23  2:16  Refinery  
  23  2:24  SCV  
  24  2:34  Barracks Reactor  
  24  2:36  SCV  
  25  2:48  SCV  
  26  2:53  Starport  
  26  2:56  Orbital Command  
  26  3:00  SCV  
  27  3:13  SCV  
  27  3:14  Hellion x2  
  27  3:17  Barracks Tech Lab  
  32  3:20  Supply Depot  
  32  3:23  SCV  
  32  3:25  SCV  
  34  3:35  Hellion x2  
  34  3:36  SCV  
  34  3:37  SCV  
  39  3:48  SCV  
  39  3:49  SCV  
  39  3:51  Viking  
  39  3:52  Barracks Tech Lab  
  42  4:00  SCV  
  42  4:01  SCV  
  44  4:04  Liberator  
  44  4:08  Hellion x2  
  48  4:11  Stimpack, Marine  
  48  4:12  SCV  
  48  4:16  SCV, Supply Depot  
  54  4:37  Marine, SCV x2, Hellion x2  
  61  4:46  Command Center  
  61  4:49  SCV x2  
  62  5:06  Barracks  
  62  5:07  Barracks  
  62  5:10  Factory Reactor  
  62  5:12  Engineering Bay  
  62  5:13  Supply Depot  
  62  5:15  Engineering Bay  
  62  5:16  Starport Reactor  
  62  5:21  SCV x2  
  62  5:27  Refinery  
  62  5:28  Refinery  
  60  5:29  Supply Depot  
  60  5:32  Marine  
  60  5:34  SCV x2  
  57  5:46  SCV x2  
  55  5:52  Terran Infantry Weapons Level 1, Terran Infantry Armor Level 1  
  55  5:53  Marine  
  54  5:58  SCV  
  54  5:59  Orbital Command, SCV  
  54  6:00  Marine  
  54  6:02  Bunker, Medivac x2  
  54  6:03  Marine  
  62  6:09  Marine  
  62  6:10  SCV  
  62  6:11  Marine x2, SCV  
  65  6:12  Combat Shield, Supply Depot  
  65  6:13  Siege Tank  
  65  6:18  Marine  
  70  6:20  Marine  
  70  6:22  Orbital Command, SCV  
  70  6:23  SCV  
  74  6:27  Marine  
  74  6:28  Supply Depot  
  74  6:29  Marine x2  
  77  6:34  SCV  
  77  6:35  SCV  
  77  6:36  Marine  
  77  6:39  Supply Depot  
  81  6:43  Liberator  
  81  6:44  Marine  
  81  6:46  SCV  
  81  6:47  Marine x2, SCV  
  83  6:49  Barracks x2, Supply Depot  
  83  6:50  SCV  
  83  6:51  Marine  
  83  6:54  Marine  
  87  6:58  SCV  
  87  6:59  SCV  
  93  7:01  Medivac  
  93  7:02  Marine, SCV  
  93  7:05  Marine  
  93  7:07  Marine  
  99  7:10  SCV  
  99  7:11  SCV  
  99  7:14  SCV  
  102  7:15  Marine  
  102  7:18  Supply Depot  
  102  7:19  Supply Depot  
  102  7:21  Siege Tank  
  102  7:22  Marine, SCV  
  108  7:31  Concussive Shells, Marine, Medivac  
  108  7:35  Marine  
  112  7:39  Marine  
  112  7:42  Barracks Reactor x2  
  112  7:43  Marine x2, Medivac  
  114  7:45  SCV x3  
  114  7:49  Marine  
  118  7:53  Siege Tank, Marine  
  118  7:57  SCV x2  
  121  8:01  Medivac  
  121  8:07  Refinery  
  121  8:08  Refinery, Factory  
  121  8:13  Medivac  
  121  8:16  Marine x3  
  126  8:23  Command Center  
  126  8:25  Armory  
  126  8:26  Marine x6  
  132  8:31  Medivac  
  132  8:33  Marine x3  
  136  8:39  SCV  
  137  8:43  Medivac  
  137  8:44  Marine x2  
  137  8:47  Marine x2  
  141  8:52  Factory Reactor  
  141  9:04  Marine  
  141  9:05  Marine x3  
  141  9:08  Marine x4  
  141  9:13  Marine, Medivac  
  141  9:14  Terran Infantry Weapons Level 2  
  141  9:23  Drilling Claws  
  141  9:25  Missile Turret x2  
  141  9:26  Missile Turret  
  141  9:30  Barracks  
  141  9:31  Barracks  
  141  9:32  Marine  
  141  9:34  Marine x8  
  141  9:35  Medivac  
  148  9:43  Medivac  
  143  9:50  Marine  
  143  9:52  Marine x8  
  132  10:05  Medivac  
  132  10:08  Marine  
  132  10:10  Marine x8  
  132  10:13  Widow Mine x3, Medivac  
  147  10:17  Terran Infantry Armor Level 2  
  147  10:26  Marine  
  147  10:28  Marine x8  
  153  10:34  Widow Mine, Medivac  
  154  10:37  Planetary Fortress  
  154  10:40  SCV x3  
  154  10:41  Barracks Tech Lab  
  154  10:43  Medivac  
  156  10:50  Barracks Tech Lab  
  156  10:53  Missile Turret  
  156  10:56  Marine x5, SCV x3, Supply Depot x2  
  164  10:58  Marine x4  
  164  10:59  Widow Mine, Supply Depot  
  170  11:06  Marine  
  170  11:09  SCV  
  170  11:10  Marine  
  167  11:12  Widow Mine  
  167  11:14  Marine  
  167  11:18  Marauder, Marine  
  161  11:20  Medivac  
  161  11:21  Medivac  
  161  11:25  Marine x2, Widow Mine  
  165  11:26  Marine  
  165  11:28  Marine x5, Widow Mine  
  165  11:32  Marine  
  175  11:33  Widow Mine  
  175  11:36  Marine  
  175  11:39  Marine  
  179  11:42  Marine  
  179  11:46  Widow Mine  
  174  11:49  Widow Mine  
  174  11:54  Medivac x2  
  179  11:55  Widow Mine  
  179  11:56  Marine x5  
  179  12:05  Marine x3  
  179  12:06  Marauder  
  179  12:07  Widow Mine, Command Center  
  179  12:08  Marine  
  183  12:10  Marauder  
  183  12:13  Marine  
  183  12:14  Marine x2  
  178  12:24  Medivac x2  
  178  12:26  Marauder, Marine  
  178  12:28  Marauder  
  178  12:29  Thor  
  189  12:33  Marauder  
  181  12:41  Marine  
  182  12:47  SCV  
  182  12:48  Marauder  
  182  12:49  Marauder, Supply Depot  
  187  12:54  Marauder  
  187  12:55  Marine x6  
  187  12:56  Marine  
  178  12:59  Marine  
  178  13:01  Widow Mine  
  178  13:02  Widow Mine  
  180  13:09  Marauder  
  180  13:10  Marauder  
  148  13:13  Marine x6  
  148  13:14  Marine  
  148  13:15  Marine  
  148  13:16  Marine, Widow Mine  
  159  13:23  Widow Mine  
  150  13:29  Widow Mine  
  150  13:30  Marine, Marauder  
  150  13:31  Marine x6  
  150  13:32  Marine  
  150  13:33  Marine  
  157  13:34  Marine  
  157  13:38  Widow Mine  
Tags
 
Add a new tag
Caveats
  • Supply blocks, unpowered buildings, or Contaminate may cause inaccurate times.
  • Supply counts are checked every 10 seconds.